 Dungeon Crawl Stone Soup version 0.17-a0-1637-g5d65775 (webtiles) character file.

322 MiaIshata the Covered (level 6, 0/56 HPs)
             Began as a Minotaur Fighter on Aug 7, 2015.
             Slain by an orc
             ... wielding a +0 dagger
              (3 damage)
             ... on level 3 of the Dungeon.
             The game lasted 00:09:42 (1937 turns).

MiaIshata the Covered (Minotaur Fighter)            Turns: 1937, Time: 00:09:42

Health: 0/56       AC:  9    Str: 20    XL:     6   Next: 22%
Magic:  5/5        EV:  7    Int:  5    God:
Gold:   166        SH: 10    Dex: 12    Spells: 0 memorised, 5 levels left

rFire  . . .     SeeInvis .     p - +1 hand axe (chop)
rCold  . . .     Clarity  .     b - +0 scale mail
rNeg   . . .     SustAt   .     c - +0 shield
rPois  .         Gourm    .     (helmet restricted)
rElec  .         Spirit   .     (no cloak)
rCorr  .         Warding  .     k - +1 pair of gloves
rMut   .         Stasis   .     (no boots)
MR     .....                    (no amulet)
Stlth  ..........               (no ring)
                                (no ring)

@: not resistant to hostile enchantments, extremely unstealthy
A: retaliatory headbutt, horns 2
a: no special abilities


You were on level 3 of the Dungeon.
You were not hungry.

You visited 1 branch of the dungeon, and saw 3 of its levels.

You collected 166 gold pieces.

Inventory:

Hand weapons
 a - a +0 war axe
 l - a +0 spear of freezing
 p - a +1 hand axe of chopping (weapon)
Armour
 b - a +0 scale mail (worn)
 c - a +0 shield (worn)
 k - a +1 pair of gloves (worn)
Jewellery
 j - an uncursed ring of protection from fire {unknown}
 o - an uncursed ring of ice {unknown}
Magical devices
 n - a wand of flame (6)
Scrolls
 m - a scroll of amnesia
Potions
 d - 2 potions of might
Comestibles
 e - a bread ration
 f - a fruit
 g - 2 beef jerkies
 h - a slice of pizza
 i - a meat ration


   Skills:
 * Level 5.1 Fighting
 + Level 3.7(3.8) Axes
 + Level 0.8(2.4) Polearms
 * Level 5.9 Armour
 + Level 5.0 Shields


You had 5 spell levels left.
You didn't know any spells.

Dungeon Overview and Level Annotations

Branches:
Dungeon (3/15)

Altars:
Dithmenos
Elyvilon


Innate Abilities, Weirdness & Mutations

You reflexively headbutt those who attack you in melee.
You have a pair of horns on your head.


Message History

* * * LOW HITPOINT WARNING * * *
You hit something but do no damage. You headbutt something.
Reactivating autopickup.
You feel a bit more experienced.
You hit the orc wizard.
You headbutt the orc wizard, but do no damage.
The orc wizard is severely wounded.
The orc wizard hits you but does no damage.
You closely miss the orc wizard.
The orc wizard is severely wounded.
The orc wizard points at you and mumbles some strange words.
The puff of flame hits you!
* * * LOW HITPOINT WARNING * * *
You hit the orc wizard.
You kill the orc wizard!
The orc priest miscasts a cantrip.
Things that are here:
a flail; a chain mail; the human corpse of Terence The orc hits you with a dagger.
You die...

###################
>.#...............#
#.#.#############.#
..............# #.#
.....########.# #.#
#.#..##...###.###.##########
.....#.###.##...@....>.....#
.........##.###o##########.#
#.....##..............# #.#
......#####.###.#####.# #.#
.....#.###.## #o# #.# #.#
.....##...## #.# #.# #.#
.....###### #.# #.####.#
.....# #)# #.##...## ....##
#.# #.#.....#


You could see an orc priest and an orc.

Vanquished Creatures
  A crimson imp (D:3)
  An orc priest (D:3)
  A hound (D:3)
  Ijyb (D:3)
  Terence (D:3)
  2 orc wizards (D:3)
  Robin (D:2)
  4 adders (D:3)
  An ooze (D:1)
  2 worms
  A giant gecko (D:3)
  2 orcs (D:3)
  7 bats
  4 giant cockroaches
  13 goblins
  9 hobgoblins
  3 jackals (D:2)
  9 kobolds
  A ball python (D:2)
  5 giant newts
  13 rats
82 creatures vanquished.

Notes
Turn   | Place    | Note
--------------------------------------------------------------
     0 | D:1      | MiaIshata the Minotaur Fighter began the quest for the Orb.
     0 | D:1      | Reached XP level 1. HP: 19/19 MP: 0/0
    48 | D:1      | Reached XP level 2. HP: 21/27 MP: 1/1
   136 | D:1      | Reached skill level 4 in Armour
   467 | D:1      | Reached XP level 3. HP: 30/33 MP: 2/2
   623 | D:2      | Found a shadowy altar of Dithmenos.
   767 | D:2      | Noticed Robin
   834 | D:2      | Killed Robin
   834 | D:2      | Reached XP level 4. HP: 15/40 MP: 3/3
  1218 | D:3      | Reached skill level 5 in Armour
  1218 | D:3      | Reached XP level 5. HP: 33/47 MP: 4/4
  1400 | D:3      | Found a white marble altar of Elyvilon.
  1535 | D:3      | Noticed Ijyb
  1552 | D:3      | Killed Ijyb
  1552 | D:3      | Reached skill level 5 in Shields
  1857 | D:3      | Noticed Terence
  1875 | D:3      | Killed Terence
  1875 | D:3      | Reached skill level 5 in Fighting
  1875 | D:3      | Reached XP level 6. HP: 18/56 MP: 5/5
  1927 | D:3      | HP: 1/56 [orc wizard/puff of flame (6)]
  1937 | D:3      | Slain by an orc

Vault maps used:
D:1:      scummos_arrival_simple_fountains
D:2:      nicolae_overflow_hidden_temple, uniq_robin
D:3:      overflow_temple_1_default, uniq_iyjb, uniq_terence

Action                   |  1- 3 |  4- 6 || total
-------------------------+-------+-------++-------
Melee: War axe           |   102 |     2 ||   104
       Spear             |       |    34 ||    34
       Hand axe          |       |    84 ||    84
  Use: Scroll            |     2 |       ||     2
       Potion            |     3 |     1 ||     4
  Eat: Chunk             |       |     2 ||     2
       Meat ration       |       |     1 ||     1
